3A
COLUMBIA RIVER RATS @ CAPE CORAL REEFERS
05/13/2038
 
TOP OF THE 1ST
Columbia River Rats batting - Pitching for Cape Coral Reefers : RHP Thomas Careless
Pitching: RHP Thomas Careless
Batting: RHB William Penn 0-0: Ball
1-0: Foul Ball, location: 2F
1-1: Foul Ball, location: 2F
1-2: Fly out, F6 (Popup, 6MD, EV 56.2 MPH)
Batting: RHB Cleveland Kraut 0-0: Called Strike
0-1: Foul Ball, location: 2F
0-2: Foul Ball, location: 2F
0-2: Foul Ball, location: 2F
0-2: Strikes out swinging
Batting: SHB Dean Barthorpe 0-0: Called Strike
0-1: Fly out, F8 (Line Drive, 8RM, EV 107.5 MPH)
Top of the 1st over - 0 runs, 0 hits, 0 errors, 0 left on base; Columbia 0 - Cape Coral 0
BOTTOM OF THE 1ST
Cape Coral Reefers batting - Pitching for Columbia River Rats : LHP Poto Boldrini
Pitching: LHP Poto Boldrini
Batting: RHB Tom Camden 0-0: Ball
1-0: Ball
2-0: SINGLE (Groundball, 4MD, EV 106.9 MPH)
Batting: RHB Dave Hill 0-0: Ball
1-0: Called Strike
1-1: Ball
2-1: Ball
3-1: Base on Balls
Tom Camden to second
Batting: RHB Dima Tabakaev 0-0: Swinging Strike
0-1: Fly out, F8 (Flyball, 89M, EV 83.1 MPH)
Batting: RHB Matthew Hunt 0-0: Ball
1-0: Ball
2-0: Swinging Strike
2-1: Called Strike
2-2: Strikes out swinging
Batting: RHB Jackson Cluff 0-0: Ball
1-0: Foul Ball, location: 2F
1-1: Fly out, F7 (Flyball, 7LMF, EV 98.1 MPH)
Bottom of the 1st over - 0 runs, 1 hit, 0 errors, 2 left on base; Columbia 0 - Cape Coral 0
TOP OF THE 2ND
Columbia River Rats batting - Pitching for Cape Coral Reefers : RHP Thomas Careless
Batting: RHB Tony Castellanos 0-0: Swinging Strike
0-1: Fly out, F9 (Line Drive, 9, EV 95.6 MPH)
Batting: RHB Cédric Causse 0-0: Called Strike
0-1: Ball
1-1: Foul Ball, location: 2F
1-2: Ground out 6-3 (Groundball, 6, EV 81.2 MPH)
Batting: RHB Pu-feng Zhou 0-0: Ball
1-0: Ball
2-0: Foul Ball, location: 2F
2-1: Swinging Strike
2-2: Strikes out looking
Top of the 2nd over - 0 runs, 0 hits, 0 errors, 0 left on base; Columbia 0 - Cape Coral 0
BOTTOM OF THE 2ND
Cape Coral Reefers batting - Pitching for Columbia River Rats : LHP Poto Boldrini
Batting: LHB Danny Rodríguez 0-0: Swinging Strike
0-1: Called Strike
0-2: Foul Ball, location: 2F
0-2: Strikes out swinging
Batting: RHB Jeff Bowers 0-0: Ball
1-0: Called Strike
1-1: Ball
2-1: Ball
3-1: Called Strike
3-2: DOUBLE (Line Drive, 78D, EV 112.5 MPH)
Batting: RHB Jim Robbins 0-0: Called Strike
0-1: Ball
1-1: Ball
2-1: Foul Ball, location: 2F
2-2: Ground out 1-3 (Groundball, 25, EV 85.0 MPH)
Batting: LHB Bob Giles 0-0: Ball
1-0: Ball
2-0: Called Strike
2-1: Foul Ball, location: 2F
2-2: Fly out, F7 (Flyball, 7S, EV 88.8 MPH)
Bottom of the 2nd over - 0 runs, 1 hit, 0 errors, 1 left on base; Columbia 0 - Cape Coral 0
TOP OF THE 3RD
Columbia River Rats batting - Pitching for Cape Coral Reefers : RHP Thomas Careless
Batting: LHB John Mayer 0-0: Called Strike
0-1: Fly out, F7 (Flyball, 78D, EV 106.9 MPH)
Batting: LHB Seb Considine 0-0: Called Strike
0-1: Ball
1-1: Foul Ball, location: 2F
1-2: Ball
2-2: Strikes out swinging
Batting: RHB Ryan Guengerich 0-0: Ball
1-0: Swinging Strike
1-1: Swinging Strike
1-2: Strikes out swinging
Top of the 3rd over - 0 runs, 0 hits, 0 errors, 0 left on base; Columbia 0 - Cape Coral 0
BOTTOM OF THE 3RD
Cape Coral Reefers batting - Pitching for Columbia River Rats : LHP Poto Boldrini
Batting: RHB Tom Camden 0-0: Ball
1-0: Called Strike
1-1: Ground out 6-3 (Groundball, 6M, EV 80.0 MPH)
Batting: RHB Dave Hill 0-0: Ball
1-0: Ball
2-0: Called Strike
2-1: SOLO HOME RUN (Flyball, 78XD, EV 89.4 MPH), Distance : 372 ft
Batting: RHB Dima Tabakaev 0-0: Swinging Strike
0-1: Called Strike
0-2: Fly out, F3 (Popup, 3F, EV 57.5 MPH)
Batting: RHB Matthew Hunt 0-0: Ball
1-0: Foul Ball, location: 2F
1-1: Foul Ball, location: 2F
1-2: Foul Ball, location: 2F
1-2: Ball
2-2: Foul Ball, location: 2F
2-2: Ball
3-2: Base on Balls
Batting: RHB Jackson Cluff 0-0: Ball
1-0: Called Strike
1-1: Swinging Strike
1-2: Ball
2-2: Foul Ball, location: 2F
2-2: Foul Ball, location: 2F
2-2: Strikes out swinging
Bottom of the 3rd over - 1 run, 1 hit, 0 errors, 1 left on base; Columbia 0 - Cape Coral 1
TOP OF THE 4TH
Columbia River Rats batting - Pitching for Cape Coral Reefers : RHP Thomas Careless
Batting: RHB William Penn 0-0: Ball
1-0: Ball
2-0: SINGLE (Line Drive, 9S, EV 104.4 MPH)
Batting: RHB Cleveland Kraut 0-0: Ball
1-0: Called Strike
1-1: Fielders Choice at 2nd, 6-4 (Groundball, 6, EV 105.6 MPH)
Batting: SHB Dean Barthorpe 0-0: Ball
1-0: Foul Ball, location: 2F
1-1: Called Strike
1-2: Foul Ball, location: 2F
1-2: Grounds into double play, 4-6-3 (Groundball, 34, EV 93.8 MPH)
Top of the 4th over - 0 runs, 1 hit, 0 errors, 0 left on base; Columbia 0 - Cape Coral 1
BOTTOM OF THE 4TH
Cape Coral Reefers batting - Pitching for Columbia River Rats : LHP Poto Boldrini
Batting: LHB Danny Rodríguez 0-0: Ball
1-0: Swinging Strike
1-1: Ground out 6-3 (Groundball, 6, EV 83.8 MPH)
Batting: RHB Jeff Bowers 0-0: Called Strike
0-1: Fly out, F8 (Line Drive, 8RD, EV 92.5 MPH)
Batting: RHB Jim Robbins 0-0: Foul Ball, location: 2F
0-1: Swinging Strike
0-2: Strikes out swinging
Bottom of the 4th over - 0 runs, 0 hits, 0 errors, 0 left on base; Columbia 0 - Cape Coral 1
TOP OF THE 5TH
Columbia River Rats batting - Pitching for Cape Coral Reefers : RHP Thomas Careless
Batting: RHB Tony Castellanos 0-0: Called Strike
0-1: Ball
1-1: Fly out, F3 (Popup, 3S, EV 70.0 MPH)
Batting: RHB Cédric Causse 0-0: Called Strike
0-1: Reached on error, E5 (Groundball, 56, EV 88.8 MPH)
Batting: RHB Pu-feng Zhou 0-0: Called Strike
0-1: Called Strike
0-2: Strikes out looking
Batting: LHB John Mayer 0-0: Called Strike
0-1: Foul Ball, location: 2F
0-2: Ball
1-2: Ball
2-2: Fielders Choice at 2nd, U6 (Groundball, 6M, EV 88.1 MPH)
Top of the 5th over - 0 runs, 0 hits, 1 error, 1 left on base; Columbia 0 - Cape Coral 1
BOTTOM OF THE 5TH
Cape Coral Reefers batting - Pitching for Columbia River Rats : LHP Poto Boldrini
Batting: LHB Bob Giles 0-0: Ball
1-0: Called Strike
1-1: Called Strike
1-2: Strikes out looking
Batting: RHB Tom Camden 0-0: Called Strike
0-1: Foul Ball, location: 2F
0-2: Strikes out looking
Batting: RHB Dave Hill 0-0: SINGLE (Flyball, 8RS, EV 95.0 MPH)
Batting: RHB Dima Tabakaev 0-0: Called Strike
0-1: Ball
1-1: Ball
2-1: Foul Ball, location: 2F
2-2: Strikes out swinging
Bottom of the 5th over - 0 runs, 1 hit, 0 errors, 1 left on base; Columbia 0 - Cape Coral 1
TOP OF THE 6TH
Columbia River Rats batting - Pitching for Cape Coral Reefers : RHP Thomas Careless
Batting: LHB Seb Considine 0-0: Foul Ball, location: 2F
0-1: Swinging Strike
0-2: Ground out 4-3 (Groundball, 4, EV 100.6 MPH)
Batting: RHB Ryan Guengerich 0-0: Called Strike
0-1: Called Strike
0-2: Ball
1-2: Strikes out swinging
Batting: RHB William Penn 0-0: Ground out 4-3 (Groundball, 4, EV 81.2 MPH)
Top of the 6th over - 0 runs, 0 hits, 0 errors, 0 left on base; Columbia 0 - Cape Coral 1
BOTTOM OF THE 6TH
Cape Coral Reefers batting - Pitching for Columbia River Rats : LHP Poto Boldrini
Pitching: RHP Micheal Smith
Batting: RHB Matthew Hunt 0-0: Called Strike
0-1: Called Strike
0-2: Ball
1-2: Ball
2-2: Foul Ball, location: 2F
2-2: Foul Ball, location: 2F
2-2: Ball
3-2: Strikes out looking
Batting: RHB Jackson Cluff 0-0: Fly out, F7 (Line Drive, 7D, EV 92.5 MPH)
Batting: LHB Danny Rodríguez 0-0: SINGLE (Line Drive, 89S, EV 106.9 MPH)
Batting: RHB Jeff Bowers 0-0: Ball
Danny Rodríguez is caught stealing 2nd base 2-4
Bottom of the 6th over - 0 runs, 1 hit, 0 errors, 0 left on base; Columbia 0 - Cape Coral 1
TOP OF THE 7TH
Columbia River Rats batting - Pitching for Cape Coral Reefers : RHP Thomas Careless
Batting: RHB Cleveland Kraut 0-0: Ground out 6-3 (Groundball, 6, EV 101.2 MPH)
Batting: SHB Dean Barthorpe 0-0: Called Strike
0-1: Ball
1-1: Hit by Pitch
Pinch Hitting: LHB Frank Morris 0-0: Called Strike
0-1: Foul Ball, location: 2F
0-2: Ball
1-2: Grounds into double play, 4-6-3 (Groundball, 4, EV 93.8 MPH)
Top of the 7th over - 0 runs, 0 hits, 0 errors, 0 left on base; Columbia 0 - Cape Coral 1
BOTTOM OF THE 7TH
Cape Coral Reefers batting - Pitching for Columbia River Rats : RHP Micheal Smith
Now at 2B: Min-ho Yun
Batting: RHB Jeff Bowers 0-0: Ball
1-0: Ball
2-0: Ball
3-0: Called Strike
3-1: Foul Ball, location: 2F
3-2: Ground out 6-3 (Groundball, 6, EV 93.8 MPH)
Batting: RHB Jim Robbins 0-0: Ball
1-0: Ball
2-0: Ball
3-0: Called Strike
3-1: Base on Balls
Batting: LHB Bob Giles 0-0: Ball
1-0: Foul Ball, location: 2F
1-1: Called Strike
1-2: Ball
2-2: Ball
3-2: Base on Balls
Jim Robbins to second
Pitching: RHP Jason Skinner
Batting: RHB Tom Camden 0-0: Called Strike
0-1: Foul Ball, location: 2F
0-2: Fly out, F8 (Flyball, 8LD, EV 90.0 MPH)
Batting: RHB Dave Hill 0-0: Foul Ball, location: 2F
0-1: Reached via error on a dropped throw from 3B, E4 (Groundball, 56, EV 83.8 MPH)
Jim Robbins to third
Bob Giles to second
Batting: RHB Dima Tabakaev 0-0: Fly out, F9 (Line Drive, 9, EV 103.8 MPH)
Bottom of the 7th over - 0 runs, 0 hits, 1 error, 3 left on base; Columbia 0 - Cape Coral 1
TOP OF THE 8TH
Columbia River Rats batting - Pitching for Cape Coral Reefers : RHP Thomas Careless
Batting: RHB Cédric Causse 0-0: Called Strike
0-1: SINGLE (Groundball, 6MS, EV 68.8 MPH) (infield hit)
Pinch Hitting: LHB Ji-e Loh 0-0: Ball
1-0: Foul Ball, location: 2F
1-1: Fielders Choice at 2nd, 4-6 (Groundball, 34, EV 98.1 MPH)
Batting: LHB John Mayer 0-0: Ball
1-0: Foul Ball, location: 2F
1-1: Ball
2-1: Swinging Strike
2-2: Ball
3-2: Fly out, F4 (Popup, 4, EV 67.5 MPH)
Batting: LHB Seb Considine 0-0: Called Strike
0-1: Foul Ball, location: 2F
0-2: Foul Ball, location: 2F
0-2: Strikes out swinging
Top of the 8th over - 0 runs, 1 hit, 0 errors, 1 left on base; Columbia 0 - Cape Coral 1
BOTTOM OF THE 8TH
Cape Coral Reefers batting - Pitching for Columbia River Rats : RHP Jason Skinner
Now at 3B: Christian Payne
Batting: RHB Matthew Hunt 0-0: Ball
1-0: Swinging Strike
1-1: Ball
2-1: Swinging Strike
2-2: Ball
3-2: SINGLE (Line Drive, 9LS, EV 108.8 MPH)
Batting: RHB Jackson Cluff 0-0: Ball
Matthew Hunt steals 2nd base (no throw)
1-0: Ball
2-0: Called Strike
2-1: Foul Ball, location: 2F
2-2: Ball
3-2: Base on Balls
Batting: LHB Danny Rodríguez 0-0: Ball
1-0: Foul Ball, location: 2F
1-1: Swinging Strike
1-2: Ball
2-2: Ball
3-2: Fielders Choice at 2nd, 6-4 (Groundball, 56D, EV 106.9 MPH)
Matthew Hunt to third
Batting: RHB Jeff Bowers 0-0: Ball
1-0: Swinging Strike
1-1: Called Strike
Danny Rodríguez is caught stealing 2nd base 2-4
1-2: Fly out, F7 (Flyball, 78M, EV 85.0 MPH)
Bottom of the 8th over - 0 runs, 1 hit, 0 errors, 1 left on base; Columbia 0 - Cape Coral 1
TOP OF THE 9TH
Columbia River Rats batting - Pitching for Cape Coral Reefers : RHP Thomas Careless
Pitching: LHP Mamadou Boutin
Now at 3B: Mike Fisher
Now in CF: Pat Carter
Pinch Hitting: RHB John Alexander 0-0: Swinging Strike
0-1: Foul Ball, location: 2F
0-2: Strikes out swinging
Batting: RHB William Penn 0-0: Called Strike
0-1: Ball
1-1: Ball
2-1: SINGLE (Groundball, 13S, EV 74.4 MPH) (infield hit)
Batting: RHB Cleveland Kraut 0-0: Called Strike
0-1: Swinging Strike
0-2: Foul Ball, location: 2F
0-2: Ball
1-2: Fielders Choice at 2nd, 6-4 (Groundball, 6, EV 98.8 MPH)
Batting: SHB Dean Barthorpe 0-0: Ball
1-0: Hit by Pitch
Cleveland Kraut to second
Pinch Hitting: RHB Félix Ronchi 0-0: Called Strike
0-1: Ball
1-1: Swinging Strike
1-2: Strikes out swinging
Top of the 9th over - 0 runs, 1 hit, 0 errors, 2 left on base; Columbia 0 - Cape Coral 1
Friday, April 17th, 2020 - OOTP Baseball 20.8 Build 74